 Dungeon Crawl Stone Soup version 0.23.2-33-g5129a83184 (webtiles) character file.

Game seed: 11915094696406274146

3187 Destapler the Covered (level 10, -3/79 HPs)
             Began as a Human Fighter on July 22, 2019.
             Was a Follower of Qazlal.
             Slain by Gastronok (28 damage)
             ... on level 7 of the Dungeon on July 23, 2019.
             The game lasted 01:19:07 (12150 turns).

Destapler the Covered (Human Fighter)              Turns: 12150, Time: 01:19:08

Health: -3/79      AC: 14    Str: 19    XL:     10   Next: 16%
Magic:  12/12      EV:  8    Int:  9    God:    Qazlal [*.....]
Gold:   57         SH: 13    Dex: 21    Spells: 9/9 levels left

rFire    x . .     SeeInvis .   g - +4 short sword (freeze)
rCold    + . .     Gourm    .   c - +1 shield
rNeg     . . .     Faith    .   o - +2 ring mail of Oblivion {Dex+6 Slay-3}
rPois    .         Spirit   .   (no helmet)
rElec    +         Reflect  .   E - +0 cloak
rCorr    .         Harm     .   (no gloves)
MR       .....     Clarity  +   (no boots)
Stlth    ++........             (no amulet)
HPRegen  0.23/turn              q - +5 ring of protection
MPRegen  0.13/turn              M - ring of ice

@: drained
A: thin skeletal structure 1, clarity, electricity resistance, evolution 1
a: Renounce Religion


You were on level 7 of the Dungeon.
You worshipped Qazlal.
Qazlal was aware of your devotion.
You were hungry.

You visited 2 branches of the dungeon, and saw 9 of its levels.
You also visited: Sewer.

You collected 436 gold pieces.
You spent 379 gold pieces at shops.

Inventory:

Hand Weapons
 a - a +0 long sword
 d - a +1 short sword of venom
 g - a +4 short sword of freezing (weapon)
 H - a +1 flail of protection
Missiles
 m - 250 stones
 p - 12 tomahawks (quivered)
Armour
 b - a +0 scale mail
 c - a +1 shield (worn)
 h - a +0 pair of boots of flying
 o - the +2 ring mail of Oblivion (worn) {Dex+6 Slay-3}
   (You bought it in a shop on level 8 of the Dungeon)

   It affects your dexterity (+6).
   It affects your accuracy and damage with ranged weapons and melee attacks
   (-3).
 E - a +0 cloak (worn)
Jewellery
 q - a +5 ring of protection (left hand)
 A - an uncursed ring of fire
 D - an uncursed ring of positive energy
 M - a ring of ice (right hand)
Wands
 r - a wand of polymorph (15)
 B - a wand of flame (47)
 F - a wand of enslavement (10)
 I - a wand of digging (7)
 L - a wand of paralysis (11)
Scrolls
 l - 5 scrolls of identify
 n - 3 scrolls of remove curse
 s - a scroll of enchant armour
 t - 4 scrolls of blinking
 v - a scroll of magic mapping
 y - 4 scrolls of teleportation
 G - a scroll of holy word
 J - a scroll of silence
Potions
 i - 3 potions of flight
 j - 2 potions of agility
 z - 3 potions of curing
Comestibles
 f - 13 rations


   Skills:
 + Level 7.2(6.1) Fighting
 + Level 6.9(5.8) Long Blades
 + Level 7.3(6.2) Armour
 + Level 7.3(6.1) Shields
 - Level 3.0(2.0) Invocations


You had 9 spell levels left.
You didn't know any spells.
Your spell library contained the following spells:

 Spells                   Type           Power        Failure   Level  Hunger
 Animate Skeleton         Necr           N/A          91%         1    ##.....
 Apportation              Tloc           #.....       91%         1    ##.....
 Beastly Appendage        Tmut           #.....       91%         1    ##.....
 Confusing Touch          Hex            #.....       91%         1    ##.....
 Freeze                   Ice            #...         91%         1    ##.....
 Pain                     Necr           #...         91%         1    ##.....
 Summon Small Mammal      Summ           #...         91%         1    ##.....
 Sticks to Snakes         Tmut           #.......     97%         2    ###....
 Throw Frost              Conj/Ice       #.....       97%         2    ###....
 Ozocubu's Armour         Chrm/Ice       #.......     99%         3    ####...
 Regeneration             Chrm/Necr      #.........   99%         3    ####...
 Spider Form              Tmut/Pois      #.........   99%         3    ####...
 Vampiric Draining        Necr           #.........   99%         3    ####...
 Animate Dead             Necr           N/A          100%        4    #####..
 Ice Form                 Ice/Tmut       #.......     100%        4    #####..
 Summon Ice Beast         Ice/Summ       #.......     100%        4    #####..
 Throw Icicle             Conj/Ice       #.......     100%        4    #####..
 Blade Hands              Tmut           #.........   100%        5    ######.
 Bolt of Magma            Conj/Fire/Erth #.........   100%        5    ######.
 Iskenderun's Battlesphe  Conj/Chrm      #.......     100%        5    ######.
 Venom Bolt               Conj/Pois      #.........   100%        5    ######.
 Iron Shot                Conj/Erth      #.........   100%        6    #######
 Orb of Destruction       Conj           #.........   100%        7    #######
 Spellforged Servitor     Conj/Summ      #.........   100%        7    #######


Dungeon Overview and Level Annotations

Branches:
Dungeon (8/15)             Temple (1/1) D:7
   Lair: D:8-11

Altars:
Ashenzari
Cheibriados
Dithmenos
Elyvilon
Fedhas
Gozag
Hepliaklqana
Kikubaaqudgha
Makhleb
Nemelex Xobeh
Okawaru
Qazlal
Ru
Sif Muna
Trog
Uskayaw
Vehumet
Wu Jian
Xom
Yredelemnul
Zin
The Shining One

Shops:
D:8 [

Annotations:
D:4 sbaton's ghost, novice TrFi
D:6 haesbaert's ghost, novice DECj
D:7 Gastronok


Innate Abilities, Weirdness & Mutations

You have a somewhat thin skeletal structure. (Dex +2, Stealth)
You possess an exceptional clarity of mind.
You are resistant to electric shocks. (rElec)
You evolve.


Message History

You hit Gastronok but do no damage.
Gastronok is lightly wounded.
Gastronok barely misses you.
You hit Gastronok. You freeze Gastronok.
Gastronok is lightly wounded.
You hit Gastronok. You freeze Gastronok.
Gastronok is lightly wounded.
Gastronok waves his eye-stalks in wide circles.
The air twists around and strikes you!
You hit Gastronok. You freeze Gastronok.
Gastronok is lightly wounded.
There is a stone staircase leading up here.
You see here an arrow.
You can't go down here!
You climb upwards.
There is a stone staircase leading down here.
You hit Gastronok but do no damage.
Gastronok is lightly wounded.
Gastronok bites you!!
You die...

#......######
#...........#
#......#.##.#
#......#.##.#
#......#.##.#
###.........#############
##.....................
#.....################
#...w@................
##..#.#################
#...#.# #### #..##.# #...
#.....# ##... #.#####
#.... ###.##### #....
#..<....# ###.. #.......#
#.⌠


You could see Gastronok.

Vanquished Creatures
  The ghost of DorianNounverber the Thaumaturge, a novice DEWz of Sif Muna (D:7)
  Grinder (D:2)
  Menkaure (D:5)
  A hornet zombie (D:6)
  A black bear (D:7)
  A phantom (D:8)
  6 ogres
  2 centaurs
  2 bullfrogs
  A water moccasin skeleton (D:4)
  A scorpion (D:4)
  3 killer bees (D:7)
  5 wights
  A crimson imp (D:7)
  A bullfrog zombie (D:6)
  2 jellies (D:6)
  2 hounds (D:6)
  Crazy Yiuf (D:3)
  5 orc priests
  An iguana (D:4)
  Jessica (D:3)
  Natasha (twice) (D:2)
  Ijyb (D:3)
  4 orc wizards
  3 worker ants
  6 gnolls
  6 adders
  3 shadow imps
  An ooze (Sewer)
  2 adder zombies
  2 adder skeletons
  3 worms
  6 dart slugs
  6 leopard geckos
  13 orcs
  10 bats
  8 giant cockroaches
  9 goblins
  10 hobgoblins
  14 jackals
  6 kobolds
  3 quokkas
  4 ball pythons
  10 frilled lizards
  A quokka skeleton (D:7)
  7 rats
180 creatures vanquished.

Vanquished Creatures (others)
  A withered plant (D:5)
1 creature vanquished.

Grand Total: 181 creatures vanquished

Notes
Turn   | Place    | Note
-------+----------+-------------------------------------------
     0 | D:1      | Destapler the Human Fighter began the quest for the Orb.
     0 | D:1      | Reached XP level 1. HP: 18/18 MP: 1/1
   142 | D:1      | Reached XP level 2. HP: 24/24 MP: 2/2
   335 | D:1      | Reached XP level 3. HP: 25/29 MP: 3/3
   924 | D:2      | Reached XP level 4. HP: 29/35 MP: 4/4
  1297 | D:2      | Reached XP level 5. HP: 36/41 MP: 5/5
  1640 | D:2      | Found a bloodstained altar of Trog.
  1640 | D:2      | Found a radiant altar of Vehumet.
  1645 | D:2      | Found a shadowy altar of Dithmenos.
  1647 | D:2      | Found a hide-covered altar of Uskayaw.
  1648 | D:2      | Found a faded altar of an unknown god.
  1702 | D:2      | Reached XP level 6. HP: 37/48 MP: 6/6
  1914 | D:3      | Noticed Grinder
  1935 | D:2      | Killed Grinder
  1935 | D:2      | Reached XP level 7. HP: 23/55 MP: 7/7
  2284 | D:3      | Found a faded altar of an unknown god.
  2284 | D:3      | Noticed Natasha
  2285 | D:3      | Noticed Ijyb
  2301 | D:2      | Killed Natasha
  2511 | D:2      | Noticed Natasha
  2529 | D:2      | Killed Natasha
  2682 | D:3      | Noticed Jessica
  2695 | D:3      | Killed Jessica
  2937 | D:3      | Found a deep blue altar of Sif Muna.
  2938 | D:3      | Found a shimmering altar of Xom.
  3024 | D:3      | Killed Ijyb
  3241 | D:3      | Found a runed translucent door.
  3242 | D:3      | Noticed Crazy Yiuf
  3277 | D:3      | Killed Crazy Yiuf
  3741 | D:4      | Found a glowing drain.
  3787 | Sewer    | Entered a sewer
  3967 | Sewer    | Reached skill level 5 in Armour
  4216 | D:4      | Reached skill level 5 in Fighting
  4216 | D:4      | Reached skill level 5 in Shields
  4216 | D:4      | Reached XP level 8. HP: 44/62 MP: 8/8
  5250 | D:5      | Entered Level 5 of the Dungeon
  5387 | D:5      | Noticed Menkaure
  5588 | D:5      | Killed Menkaure
  5588 | D:5      | Reached skill level 5 in Long Blades
  6609 | D:5      | Found a runed translucent gate.
  6609 | D:5      | Found a runed translucent gate.
  6611 | D:5      | Found a runed translucent gate.
  6611 | D:5      | Noticed haesbaert's ghost (novice DECj)
  6611 | D:5      | Noticed sbaton's ghost (novice TrFi)
  7146 | D:6      | Reached XP level 9. HP: 61/69 MP: 9/9
  7177 | D:6      | Found a stormy altar of Qazlal.
  7290 | D:6      | Became a worshipper of Qazlal Stormbringer
  7492 | D:6      | Reached skill level 1 in Invocations
  8292 | D:7      | Found a staircase to the Ecumenical Temple.
  8821 | D:7      | Noticed DorianNounverber's ghost (novice DEWz)
  8972 | D:7      | Found a runed translucent door.
  9090 | Temple   | Entered the Ecumenical Temple
  9316 | D:7      | Gained mutation: You are resistant to electric shocks.
                  | (rElec) [potion of mutation]
  9316 | D:7      | Gained mutation: You evolve. [potion of mutation]
  9316 | D:7      | Gained mutation: You possess an exceptional clarity of
                  | mind. [potion of mutation]
  9316 | D:7      | Gained mutation: You have a somewhat thin skeletal
                  | structure. (Dex +2, Stealth) [potion of mutation]
  9353 | D:7      | Killed DorianNounverber's ghost
 11053 | D:8      | Found Avero's Antique Armour Emporium.
 11062 | D:8      | Reached XP level 10. HP: 58/77 MP: 12/12
 11678 | D:8      | Bought a pair of runed boots for 172 gold pieces
 11678 | D:8      | Bought a twisted ring mail for 207 gold pieces
 11692 | D:8      | Identified the +2 ring mail of Oblivion {Dex+6 Slay-3} (You
                  | bought it in a shop on level 8 of the Dungeon)
 11737 | D:8      | Noticed Gastronok
 11975 | D:8      | Reached * piety under Qazlal
 12150 | D:7      | Slain by Gastronok

Skill      XL: |  1  2  3  4  5  6  7  8  9 10 |
---------------+-------------------------------+-----
Long Blades    | 3 4 5 6 |  6.9
Armour         | 4 5 6 7 |  7.3
Shields        | 4 5 6 7 |  7.3
Fighting       | 4 5 6 7 |  7.2
Invocations    | 3 |  3.0

Action                   |  1- 3 |  4- 6 |  7- 9 | 10-12 || total
-------------------------+-------+-------+-------+-------++-------
Melee: Long sword        |    93 |   147 |   527 |       ||   767
       Short sword       |       |       |   270 |   136 ||   406
Throw: Tomahawk          |       |       |    16 |       ||    16
Evoke: Wand              |       |       |     4 |     1 ||     5
  Use: Scroll            |       |       |    13 |     2 ||    15
       Potion            |       |       |    14 |     3 ||    17
 Stab: Invisible         |       |       |     2 |       ||     2
  Eat: Chunk             |       |     4 |    17 |       ||    21
       Ration            |       |       |     4 |     1 ||     5
Armor: Scale mail        |    40 |    59 |   382 |    24 ||   505
       Skin              |       |       |     7 |    56 ||    63
       Ring mail         |       |       |       |    17 ||    17
Dodge: Dodged            |    31 |    40 |   219 |    29 ||   319
Block: Shield            |    56 |    84 |   438 |    83 ||   661
       Rpst.: Long sword |    10 |    16 |    41 |       ||    67
